General information
- name: BNet
- type: Ladder team game (AT/RT)
- host: Battle.net
- saver: CircleCityBlues
map: Deadlock
- players: 8
- length: 33:39
- speed: Fast
- version: 1.28 W3XP
- replay type: Public
» download(312 KB)
Players
team 1 (loser)

»
Gunnarax (
blue | 63 APM | 2051 actions | 32:36)
6 Mountain King
3 Storm Bolt
2 Bash
1 Avatar
» actions
| Assign group hotkey | 29 | |
| Basic commands | 87 | |
| Build / train | 80 | |
| ESC pressed | 1 | |
| Enter build submenu | 21 | |
| Enter hero's abilities submenu | 6 | |
| Give item / drop item | 2 | |
| Right click | 841 | |
| Select / deselect | 319 | |
| Select group hotkey | 556 | |
| Use ability | 109 | |
2051 total
» units
| Peasant | 8 | |
| Footman | 6 | |
| Mortar Team | 14 | |
28 total
» upgrades
| Masonry | 3 | |
| Flare | 1 | |
| Lumber Harvesting | 2 | |
| Fragmentation Shards | 1 | |
| Gunpowder | 3 | |
| Plating | 1 | |
| Armor | 1 | |
12 total
» buildings
| Farm | 7 | |
| Altar of Kings | 1 | |
| Barracks | 1 | |
| Scout Tower | 12 | |
| Arcane Vault | 1 | |
| Arcane Tower | 4 | |
| Lumber Mill | 2 | |
| Keep | 1 | |
| Guard Tower | 3 | |
| Blacksmith | 1 | |
| Castle | 1 | |
| Workshop | 2 | |
| Town Hall | 1 | |
37 total
» build order
00:09 Farm
00:11 Altar of Kings
00:31 Barracks
00:55 Farm
01:41 Farm
02:39 Scout Tower
03:10 Arcane Vault
03:13 Arcane Tower
03:29 Scout Tower
03:35 Lumber Mill
03:59 Arcane Tower
04:14 Lumber Mill
04:58 Keep
06:03 Scout Tower
06:06 Scout Tower
06:10 Scout Tower
06:12 Scout Tower
07:08 Guard Tower
07:24 Blacksmith
07:28 Castle
08:15 Workshop
08:21 Workshop
09:10 Farm
09:10 Farm
09:11 Farm
09:12 Farm
09:40 Scout Tower
09:40 Scout Tower
10:16 Arcane Tower
10:52 Guard Tower
19:58 Town Hall
20:02 Scout Tower
20:02 Scout Tower
20:03 Scout Tower
20:04 Scout Tower
20:41 Arcane Tower
20:43 Guard Tower
» items
| Scroll of Regeneration | 6 | |
| Lesser Clarity Potion | 6 | |
| Boots of Speed | 1 | |
| Dust of Appearance | 1 | |
| Mechanical Critter | 1 | |
| Potion of Lesser Invulnerability | 2 | |
| Potion of Mana | 2 | |
| Scroll of Town Portal | 1 | |
| Potion of Healing | 3 | |
23 total

»
x3m_test (
purple | 63 APM | 1880 actions | 29:51)
6 Death Knight
3 Death Coil
2 Unholy Aura
1 Animate Dead
» actions
| Assign group hotkey | 108 | |
| Basic commands | 14 | |
| Build / train | 76 | |
| Enter build submenu | 30 | |
| Enter hero's abilities submenu | 6 | |
| Give item / drop item | 1 | |
| Remove unit from queue | 1 | |
| Right click | 816 | |
| Select / deselect | 280 | |
| Select group hotkey | 462 | |
| Use ability | 86 | |
1880 total
» units
| Acolyte | 12 | |
| Ghoul | 4 | |
| Crypt Fiend | 8 | |
| Gargoyle | 2 | |
| Frost Wyrm | 5 | |
31 total
» upgrades
| Web | 1 | |
| Burrow | 1 | |
| Creature Attack | 2 | |
| Creature Carapace | 2 | |
| Freezing Breath | 1 | |
7 total
» buildings
| Altar of Darkness | 1 | |
| Ziggurat | 17 | |
| Crypt | 2 | |
| Graveyard | 1 | |
| Tomb of Relics | 1 | |
| Necropolis | 1 | |
| Nerubian Tower | 5 | |
| Spirit Tower | 7 | |
| Halls of the Dead | 1 | |
| Black Citadel | 1 | |
| Sacrificial Pit | 1 | |
| Boneyard | 2 | |
| Tree of Life | 1 | |
41 total
» build order
00:45 Altar of Darkness
00:47 Ziggurat
00:55 Crypt
01:22 Graveyard
01:36 Tomb of Relics
01:53 Ziggurat
03:50 Ziggurat
05:08 Necropolis
05:15 Ziggurat
05:28 Ziggurat
05:37 Ziggurat
05:59 Ziggurat
06:11 Nerubian Tower
06:22 Spirit Tower
06:34 Spirit Tower
06:52 Spirit Tower
07:22 Halls of the Dead
07:38 Nerubian Tower
07:52 Ziggurat
07:54 Ziggurat
08:26 Spirit Tower
08:28 Nerubian Tower
08:37 Ziggurat
09:35 Ziggurat
09:37 Ziggurat
09:38 Ziggurat
10:27 Spirit Tower
11:20 Nerubian Tower
11:51 Nerubian Tower
11:52 Spirit Tower
12:47 Ziggurat
12:48 Ziggurat
12:55 Ziggurat
12:56 Ziggurat
13:43 Black Citadel
13:51 Sacrificial Pit
14:05 Crypt
16:59 Spirit Tower
17:16 Boneyard
17:17 Boneyard
27:03 Tree of Life
» items
| Rod of Necromancy | 1 | |
| Sacrificial Skull | 1 | |
| Dust of Appearance | 2 | |
| Scroll of Town Portal | 4 | |
| Potion of Healing | 4 | |
| Potion of Lesser Invulnerability | 2 | |
| Scroll of Protection | 1 | |
| Orb of Fire | 1 | |
16 total
CircleCityBlues (
green | 85 APM | 2870 actions | 33:39)
5 Archmage
3 Summon Water Elemental
2 Brilliance Aura
» actions
| Assign group hotkey | 46 | |
| Basic commands | 285 | |
| Build / train | 89 | |
| Enter build submenu | 52 | |
| Enter hero's abilities submenu | 5 | |
| Give item / drop item | 1 | |
| Remove unit from queue | 1 | |
| Right click | 944 | |
| Select / deselect | 388 | |
| Select group hotkey | 905 | |
| Use ability | 154 | |
2870 total
» units
| Peasant | 16 | |
| Footman | 4 | |
| Gryphon Rider | 5 | |
| Dragonhawk Rider | 8 | |
| Acolyte | 1 | |
34 total
» upgrades
| Lumber Harvesting | 2 | |
| Masonry | 2 | |
| Swords | 3 | |
| Armor | 3 | |
| Animal War Training | 1 | |
| Cloud | 1 | |
| Storm Hammers | 1 | |
13 total
» buildings
| Altar of Kings | 1 | |
| Barracks | 2 | |
| Farm | 11 | |
| Scout Tower | 31 | |
| Arcane Vault | 1 | |
| Arcane Tower | 1 | |
| Keep | 1 | |
| Town Hall | 3 | |
| Lumber Mill | 1 | |
| Guard Tower | 11 | |
| Castle | 1 | |
| Gryphon Aviary | 5 | |
| Blacksmith | 2 | |
71 total
» build order
00:49 Altar of Kings
00:51 Barracks
00:53 Farm
00:54 Farm
01:03 Farm
01:43 Scout Tower
02:10 Arcane Vault
02:22 Arcane Tower
03:48 Keep
04:17 Town Hall
04:23 Lumber Mill
04:31 Scout Tower
04:33 Scout Tower
04:36 Scout Tower
06:06 Guard Tower
06:20 Castle
06:35 Scout Tower
06:36 Scout Tower
06:39 Barracks
06:40 Scout Tower
07:08 Guard Tower
07:08 Guard Tower
07:09 Guard Tower
07:55 Guard Tower
08:10 Gryphon Aviary
08:11 Gryphon Aviary
08:24 Gryphon Aviary
08:48 Farm
08:50 Farm
09:44 Blacksmith
09:46 Blacksmith
11:33 Farm
11:33 Farm
12:18 Farm
12:21 Farm
12:25 Farm
16:30 Farm
19:12 Scout Tower
19:14 Scout Tower
19:15 Scout Tower
19:17 Scout Tower
19:19 Scout Tower
19:19 Scout Tower
19:20 Scout Tower
19:21 Scout Tower
19:23 Scout Tower
19:25 Scout Tower
19:25 Scout Tower
19:27 Scout Tower
19:28 Scout Tower
19:37 Scout Tower
19:38 Scout Tower
19:56 Scout Tower
19:56 Scout Tower
19:56 Scout Tower
19:56 Scout Tower
19:57 Scout Tower
20:02 Guard Tower
20:35 Town Hall
20:55 Guard Tower
20:58 Guard Tower
21:01 Guard Tower
21:04 Scout Tower
21:04 Scout Tower
21:05 Scout Tower
21:06 Scout Tower
22:29 Guard Tower
22:58 Gryphon Aviary
22:58 Gryphon Aviary
25:47 Guard Tower
28:21 Town Hall
» items
| Lesser Clarity Potion | 1 | |
| Scroll of Town Portal | 8 | |
| Mechanical Critter | 2 | |
| Periapt of Vitality | 2 | |
| Staff of Teleportation | 1 | |
| Dust of Appearance | 1 | |
| Scroll of Protection | 1 | |
| Scroll of Healing | 1 | |
| Scroll of Regeneration | 1 | |
| Potion of Invisibility | 2 | |
| Potion of Lesser Invulnerability | 1 | |
21 total

»
brolly52 (
yellow | 45 APM | 1043 actions | 22:57)
6 Demon Hunter
3 Immolation
2 Mana Burn
1 Metamorphosis
» actions
| Assign group hotkey | 27 | |
| Basic commands | 3 | |
| Build / train | 56 | |
| Enter build submenu | 16 | |
| Enter hero's abilities submenu | 6 | |
| Right click | 385 | |
| Select / deselect | 279 | |
| Select group hotkey | 219 | |
| Use ability | 51 | |
1043 total
» units
| Wisp | 16 | |
| Archer | 10 | |
| Hippogryph | 8 | |
| Druid of the Talon | 2 | |
36 total
» upgrades
| Strength of the Moon | 3 | |
| Moon Armor | 3 | |
| Improved Bows | 1 | |
| Hippogryph Taming | 1 | |
| Marksmanship | 1 | |
| Well Spring | 1 | |
| Druid of the Talon Training | 1 | |
11 total
» buildings
| Altar of Elders | 1 | |
| Ancient of War | 2 | |
| Moon Well | 6 | |
| Tree of Ages | 1 | |
| Hunter's Hall | 1 | |
| Ancient of Wonders | 1 | |
| Tree of Eternity | 1 | |
| Ancient of Wind | 2 | |
| Tree of Life | 2 | |
17 total
» build order
00:09 Altar of Elders
00:13 Ancient of War
00:17 Moon Well
02:00 Moon Well
03:06 Moon Well
04:07 Moon Well
04:09 Tree of Ages
04:57 Hunter's Hall
05:01 Ancient of Wonders
06:32 Tree of Eternity
06:35 Ancient of Wind
06:37 Ancient of Wind
08:14 Tree of Life
09:49 Ancient of War
10:10 Tree of Life
14:11 Moon Well
14:13 Moon Well
team 2 (winner)

»
ZipHub (
teal | 43 APM | 731 actions | 17:00)
2 Blademaster
1 Wind Walk
1 Critical Strike
» actions
| Build / train | 49 | |
| Enter build submenu | 13 | |
| Enter hero's abilities submenu | 2 | |
| Right click | 453 | |
| Select / deselect | 170 | |
| Use ability | 44 | |
731 total
» units
| Peon | 17 | |
| Raider | 6 | |
| Troll Batrider | 6 | |
29 total
» upgrades
| Pillage | 1 | |
| Melee Weapons | 2 | |
| Armor | 2 | |
| Reinforced Defenses | 1 | |
6 total
» buildings
| Orc Burrow | 4 | |
| Altar of Storms | 1 | |
| Voodoo Lounge | 1 | |
| Stronghold | 1 | |
| War Mill | 1 | |
| Beastiary | 2 | |
| Watch Tower | 4 | |
| Fortress | 1 | |
15 total
» build order
00:11 Orc Burrow
00:15 Altar of Storms
01:23 Voodoo Lounge
01:59 Stronghold
02:27 Orc Burrow
03:21 War Mill
04:31 Beastiary
04:34 Beastiary
04:41 Orc Burrow
06:02 Watch Tower
06:30 Orc Burrow
08:34 Fortress
12:25 Watch Tower
12:34 Watch Tower
14:32 Watch Tower
» items
| Healing Salve | 2 | |
| Lesser Clarity Potion | 2 | |
| Scroll of Town Portal | 1 | |
| Scroll of Speed | 1 | |
| Orb of Lightning | 1 | |
| Tiny Great Hall | 2 | |
9 total
DevouR (
pink | 76 APM | 1400 actions | 18:22)
3 Blademaster
1 Critical Strike
2 Wind Walk
1 Tauren Chieftain
1 Endurance Aura
» actions
| Assign group hotkey | 19 | |
| Build / train | 64 | |
| Enter build submenu | 28 | |
| Enter hero's abilities submenu | 5 | |
| Give item / drop item | 1 | |
| Remove unit from queue | 4 | |
| Right click | 612 | |
| Select / deselect | 246 | |
| Select group hotkey | 355 | |
| Use ability | 66 | |
1400 total
» units
| Peon | 15 | |
| Grunt | 6 | |
| Razormane Medicine Man | 1 | |
| Shaman | 3 | |
| Troll Witch Doctor | 2 | |
| Troll Batrider | 10 | |
37 total
» upgrades
| Pillage | 1 | |
| Armor | 2 | |
| Melee Weapons | 1 | |
| Shaman Training | 2 | |
| Witch Doctor Training | 2 | |
| Berserker Strength | 1 | |
9 total
» buildings
| Altar of Storms | 1 | |
| Orc Burrow | 7 | |
| Barracks | 1 | |
| War Mill | 1 | |
| Voodoo Lounge | 1 | |
| Watch Tower | 5 | |
| Great Hall | 1 | |
| Stronghold | 1 | |
| Fortress | 1 | |
| Spirit Lodge | 2 | |
| Tauren Totem | 1 | |
| Beastiary | 2 | |
24 total
» build order
00:25 Altar of Storms
00:36 Orc Burrow
00:52 Barracks
01:49 Orc Burrow
02:01 War Mill
02:17 Voodoo Lounge
02:50 Orc Burrow
04:31 Watch Tower
06:05 Great Hall
06:23 Watch Tower
06:38 Orc Burrow
07:03 Stronghold
08:20 Watch Tower
09:25 Fortress
09:27 Spirit Lodge
09:31 Spirit Lodge
10:02 Watch Tower
10:40 Orc Burrow
12:01 Tauren Totem
12:16 Beastiary
12:31 Watch Tower
13:47 Beastiary
16:39 Orc Burrow
16:40 Orc Burrow
» items
| Healing Salve | 1 | |
| Lesser Clarity Potion | 2 | |
| Boots of Speed | 1 | |
| Circlet of Nobility | 1 | |
| Orb of Lightning | 1 | |
6 total
Eug_Master (
red | 53 APM | 928 actions | 17:31)
3 Paladin
2 Holy Light
1 Devotion Aura
» actions
| Assign group hotkey | 29 | |
| Basic commands | 10 | |
| Build / train | 44 | |
| Enter build submenu | 25 | |
| Enter hero's abilities submenu | 3 | |
| Right click | 261 | |
| Select / deselect | 201 | |
| Select group hotkey | 308 | |
| Use ability | 47 | |
928 total
» units
| Peasant | 8 | |
| Footman | 10 | |
| Dragonhawk Rider | 7 | |
25 total
» upgrades
| Defend | 1 | |
| Swords | 2 | |
| Armor | 2 | |
| Lumber Harvesting | 1 | |
| Masonry | 3 | |
| Animal War Training | 1 | |
| Cloud | 1 | |
11 total
» buildings
| Farm | 15 | |
| Altar of Kings | 1 | |
| Barracks | 1 | |
| Lumber Mill | 1 | |
| Scout Tower | 2 | |
| Guard Tower | 2 | |
| Blacksmith | 1 | |
| Keep | 1 | |
| Gryphon Aviary | 3 | |
| Arcane Vault | 1 | |
| Castle | 1 | |
29 total
» build order
00:06 Farm
00:10 Altar of Kings
00:31 Barracks
01:28 Farm
02:08 Lumber Mill
02:29 Farm
02:56 Scout Tower
03:14 Farm
03:28 Scout Tower
03:29 Guard Tower
04:01 Blacksmith
04:07 Guard Tower
04:56 Keep
05:18 Farm
06:01 Farm
06:43 Farm
07:25 Gryphon Aviary
07:29 Gryphon Aviary
07:30 Gryphon Aviary
07:36 Arcane Vault
07:49 Farm
07:51 Castle
08:31 Farm
09:12 Farm
09:52 Farm
10:31 Farm
11:23 Farm
12:07 Farm
12:52 Farm
2little2late4u (
orange | 130 APM | 4387 actions | 33:39)
6 Blademaster
3 Wind Walk
2 Critical Strike
1 Bladestorm
3 Shadow Hunter
2 Healing Wave
1 Hex
5 Goblin Alchemist
3 Chemical Rage
2 Acid Bomb
» actions
| Assign group hotkey | 81 | |
| Basic commands | 206 | |
| Build / train | 148 | |
| ESC pressed | 8 | |
| Enter build submenu | 52 | |
| Enter hero's abilities submenu | 14 | |
| Give item / drop item | 2 | |
| Right click | 1454 | |
| Select / deselect | 804 | |
| Select group hotkey | 1335 | |
| Use ability | 283 | |
4387 total
» units
| Peon | 15 | |
| Grunt | 5 | |
| Troll Headhunter/Berserker | 15 | |
| Shaman | 6 | |
| Spirit Walker | 2 | |
| Troll Witch Doctor | 4 | |
| Kodo Beast | 1 | |
| Raider | 3 | |
51 total
» upgrades
| Armor | 2 | |
| Berserker Strength | 1 | |
| Pillage | 1 | |
| Reinforced Defenses | 2 | |
| Berserker Upgrade | 1 | |
| Ranged Weapons | 3 | |
| Shaman Training | 2 | |
| Troll Regeneration | 2 | |
| Witch Doctor Training | 4 | |
| War Drums Damage Increase | 1 | |
| Spirit Walker Training | 1 | |
| Ensnare | 2 | |
| Melee Weapons | 1 | |
| Spiked Barricades | 1 | |
24 total
» buildings
| Orc Burrow | 8 | |
| Altar of Storms | 1 | |
| Barracks | 1 | |
| Voodoo Lounge | 1 | |
| Stronghold | 4 | |
| War Mill | 1 | |
| Great Hall | 2 | |
| Watch Tower | 22 | |
| Fortress | 5 | |
| Spirit Lodge | 3 | |
| Beastiary | 2 | |
50 total
» build order
00:10 Orc Burrow
00:54 Altar of Storms
00:56 Barracks
01:25 Orc Burrow
01:49 Voodoo Lounge
02:12 Orc Burrow
03:45 Stronghold
03:45 Stronghold
04:10 War Mill
05:03 Great Hall
05:47 Watch Tower
05:49 Watch Tower
06:04 Watch Tower
06:45 Fortress
06:46 Fortress
07:13 Watch Tower
07:19 Watch Tower
07:20 Watch Tower
11:56 Spirit Lodge
12:03 Spirit Lodge
12:06 Spirit Lodge
14:08 Watch Tower
14:11 Watch Tower
17:11 Orc Burrow
17:12 Orc Burrow
17:21 Orc Burrow
18:23 Beastiary
19:00 Beastiary
19:12 Watch Tower
19:15 Watch Tower
19:18 Watch Tower
20:09 Watch Tower
20:21 Watch Tower
21:03 Watch Tower
21:09 Orc Burrow
26:32 Great Hall
26:32 Stronghold
26:32 Stronghold
27:34 Watch Tower
27:39 Watch Tower
27:39 Watch Tower
27:40 Watch Tower
28:05 Orc Burrow
29:01 Fortress
29:01 Fortress
29:02 Fortress
30:12 Watch Tower
31:21 Watch Tower
32:36 Watch Tower
32:38 Watch Tower
» items
| Healing Salve | 5 | |
| Boots of Speed | 2 | |
| Orb of Lightning | 3 | |
| Lesser Clarity Potion | 6 | |
| Scroll of Town Portal | 4 | |
| Scroll of Speed | 1 | |
| Potion of Mana | 2 | |
| Potion of Healing | 1 | |
| Periapt of Vitality | 1 | |
| Circlet of Nobility | 1 | |
26 total
Chat log
(00:57 / Allies) brolly52: air
(04:03 / Allies) brolly52: bm
(05:36 / Allies) CircleCityBlues: mana burn
(05:54 / All) CircleCityBlues: thank you yellow
(06:00 / All) CircleCityBlues: run off when there's a bm creepjacking
(06:52 / All) CircleCityBlues: yellow you got mana burn or you get immolation? wtf was that
(07:00 / Allies) brolly52: both asshole
(07:03 / Allies) brolly52: fucking realx
(07:04 / All) CircleCityBlues: both lol
(07:16 / Allies) brolly52: now wtfu
(07:21 / Allies) CircleCityBlues: lost exp
(07:28 / Allies) brolly52: big fucking deal
(07:33 / Allies) brolly52: how old are u
(07:36 / Allies) CircleCityBlues: it wouldn't be a big deal fi you didn't run off on me
(07:54 / All) DevouR: so mean..
(07:57 / All) Gunnarax: :D
(08:00 / All) Gunnarax: u are
(08:05 / All) CircleCityBlues: well I'm stuck as level 2 I gues
(08:13 / Allies) CircleCityBlues: wood
(11:16 / Allies) CircleCityBlues: wood
(12:07 / All) DevouR: you do not play nice at all..
(12:35 / Allies) brolly52: lets go
(14:45 / Allies) Gunnarax: b
(17:17 / All) Eug_Master: The Walking Dead! Season 8 Episode 14!
(21:00 / Allies) brolly52: ?
(21:03 / Allies) Gunnarax: yah
(21:41 / Allies) Gunnarax: ??
(22:19 / Allies) x3m_test: wtf green
(22:28 / Allies) Gunnarax: killed all my morts lol
(24:44 / Allies) x3m_test: r u retarded?
(24:52 / Allies) CircleCityBlues: no, very stable genius
(25:01 / Allies) Gunnarax: lol i like it
(25:01 / Allies) x3m_test: genius?LMAO
(27:07 / All) CircleCityBlues: Net
(27:14 / All) 2little2late4u: can't
(27:16 / All) 2little2late4u: had avatar
(27:23 / All) CircleCityBlues: that protects it from net? how bogus
(27:35 / All) Gunnarax: almost as bogus as this game
(27:37 / All) CircleCityBlues: that's not even a magic attack
(28:38 / All) x3m_test: too sad u need a bs to win a game
(28:53 / All) CircleCityBlues: all is fair in war and warcraft
(28:59 / All) 2little2late4u: ^^^^
(29:36 / All) x3m_test: too sad u think this is fair
(29:44 / All) CircleCityBlues: it's not unfair
(29:48 / All) x3m_test: enjoy ur "win" u sad losers
(29:52 / All) CircleCityBlues: his team sucked, now this evens things out
(29:52 / All) 2little2late4u: this is war
(29:55 / All) 2little2late4u: everything goes
(32:43 / All) CircleCityBlues: nice nice
(32:47 / All) 2little2late4u: smooth game
(32:54 / All) CircleCityBlues: I say yellow lose for running off when bm was creep jacking like a tard
(32:59 / All) CircleCityBlues: What say you
(33:00 / All) 2little2late4u: 2 of my team above 50%
(33:04 / All) 2little2late4u: aight
(33:12 / All) 2little2late4u: yours stayed longer too
(33:16 / All) CircleCityBlues: yeh
(33:21 / All) CircleCityBlues: any like 10-0 or something
(33:32 / All) 2little2late4u: 380-370
(33:35 / All) 2little2late4u: and 167-164
(33:37 / All) CircleCityBlues: basically same as my team